 Dungeon Crawl Stone Soup version 0.29-a0-477-g62b78b4225 (webtiles) character file.

Game seed: 6795944148705601664

26 snarfax the Chopper (level 3, -5/31 HPs)
             Began as a Hill Orc Berserker on May 24, 2022.
             Was a Follower of Trog.
             Slain by a gnoll
             ... wielding a +0 whip
              (6 damage)
             ... on level 1 of the Dungeon.
             The game lasted 00:02:13 (1426 turns).

snarfax the Chopper (Hill Orc Berserker)            Turns: 1426, Time: 00:02:13

Health: -5/31      AC:  5    Str: 21    XL:     3   Next: 8%
Magic:  3/3        EV: 11    Int:  7    God:    Trog [*.....]
Gold:   42         SH:  0    Dex: 10    Spells: 2/2 levels left

rFire   . . .      SeeInvis .   a - +0 hand axe
rCold   . . .      Faith    .   (no shield)
rNeg    . . .      Spirit   .   b - +0 ring mail
rPois   +          Reflect  .   (no helmet)
rElec   .          Harm     .   (no cloak)
rCorr   .          Rampage  .   (no gloves)
Will    .....                   (no boots)
Stlth   ..........              (no amulet)
HPRegen 0.10/turn               i - ring of poison resistance
MPRegen 0.08/turn               (no ring)

@: no status effects
A: no striking features
a: Renounce Religion, Berserk


You were on level 1 of the Dungeon.
You worshipped Trog.
Trog was aware of your devotion.
You visited 1 branch of the dungeon, and saw 2 of its levels.

You collected 42 gold pieces.

Inventory:

Hand Weapons
 a - a +0 hand axe (weapon)
Armour
 b - a +0 ring mail (worn)
 m - a +0 leather armour
Jewellery
 i - a ring of poison resistance (left hand)
Scrolls
 d - 2 scrolls of teleportation {unknown}
 e - 4 scrolls of identify {unknown}
 f - a scroll of blinking {unknown}
 g - a scroll of immolation {unknown}
 h - a scroll of enchant armour {unknown}
 j - a scroll of silence {unknown}
 k - 2 scrolls of summoning {unknown}
Potions
 c - a potion of ambrosia {unknown}
 l - 2 potions of brilliance {unknown}


   Skills:
 - Level 3.6 Fighting
 + Level 5.5 Axes
 - Level 2.1 Armour
 - Level 1.5 Dodging


You had 2 spell levels left.
You didn't know any spells.
Your spell library was empty.

Dungeon Overview and Level Annotations

Branches:
Dungeon (2/15)

Altars:


Message History

The worm bites you but does no damage.
You hit the worm.
The worm is moderately wounded.
You hit the worm.
The worm is severely wounded.
The worm barely misses you.
You hit the worm.
You kill the worm!
Trog accepts your kill.
You have reached level 3!
Your experience leads to an increase in your attributes!
Increase (S)trength, (I)ntelligence, or (D)exterity?
You feel stronger. x2
d - 2 scrolls labelled XOAGHI LEFEMUE (gained 1)
A gnoll comes into view. It is wielding a +0 whip.
The gnoll shouts!
A gnoll comes into view. It is wielding a +0 halberd.
A gnoll comes into view. It is wielding a +0 halberd.
The gnoll shouts! x2; You hear an angry hiss.
There is a stone staircase leading up here.
The gnoll hits you with a +0 whip!
The gnoll hits you from afar with a +0 halberd!
You climb upwards.
There is a stone staircase leading down here.
You are too injured to fight recklessly!
You closely miss the gnoll. The gnoll hits you but does no damage.
Unknown command.
You hit the gnoll but do no damage. The gnoll barely misses you.
You hit the gnoll but do no damage. The gnoll hits you with a +0 whip.
* * * LOW HITPOINT WARNING * * *
You hit the gnoll.
The gnoll is lightly wounded.
The gnoll hits you with a +0 whip.
* * * LOW HITPOINT WARNING * * *
You hit the gnoll.
The gnoll is moderately wounded.
The gnoll hits you with a +0 whip.
* * * LOW HITPOINT WARNING * * *
The gnoll attacks as you move away! The gnoll hits you with a +0 whip.
You die...

# #....#####.........#
###....##....#####.###########
.##....##....#####.# #......#
.##....##....#...#.####......#
.##.#####....#...#...##......#
.#........##.#........#......#
.#...............#....#......#
.#...........#...#....#......#
.##.##'##......#@#....>......#
.##.##.#########g#.####......####
....##.# #.................
.#####.###########......#.######.
.# #.........................#.
.######...................###.##.
............#....########.###.##.
.####...###.#....###### ####...#.
.# #...# #.#.........# #...#.


You could see a gnoll.

Vanquished Creatures
  2 worms (D:2)
  A dart slug (D:1)
  An endoplasm (D:1)
  3 hobgoblins
  2 jackals (D:1)
  3 quokkas (D:1)
  A bat (D:1)
  A kobold (D:1)
  4 rats (D:1)
18 creatures vanquished.

Notes
Turn   | Place    | Note
-------+----------+-------------------------------------------
     0 | D:1      | snarfax the Hill Orc Berserker began the quest for the Orb.
     0 | D:1      | Reached XP level 1. HP: 19/19 MP: 1/1
    65 | D:1      | Found a faded altar of an unknown god.
   107 | D:1      | Reached XP level 2. HP: 17/26 MP: 2/2
   464 | D:1      | Reached skill level 5 in Axes
  1365 | D:2      | Reached XP level 3. HP: 31/31 MP: 3/3
  1425 | D:1      | HP: 1/31 [gnoll/+0 whip (3)]
  1426 | D:1      | Slain by a gnoll

Illustrated notes

Levels and vault maps discovered:
D:1:      lightli_arrival_boilingwater, layout_basic,
          dilly_ecumenical_altar_fadedgnrine, serial_bayou_lake_a
D:2:      layout_loops_cross, uniq_jessica

Skill      XL: |  1  2 |
---------------+-------+-----
Axes           | 5 |  5.5
Fighting       | |  3.6
Armour         | |  2.1
Dodging        | |  1.5

Action                   || total
-------------------------++-------
Melee: Hand axe          ||    51
Armor: Animal skin       ||     3
       Ring mail         ||     2
Dodge: Dodged            ||    23

Table legend: (Time is in decaauts)
 A = Elapsed time spent in this place.
 B = Non-inter-level travel time spent in this place.
 C = Inter-level travel time spent in this place.
 D = Time resting spent in this place.
 E = Time spent auto-exploring this place.
 F = Levels seen in this place.
 G = Mean time per level.
                   A        B        C        D        E       F      G
               +--------+--------+--------+--------+--------+-----+--------+
         Total |   1451 |   1425 |     26 |      0 |   1243 |   2 |  725.5 |
       Dungeon |   1451 |   1425 |     26 |      0 |   1243 |   2 |  725.5 |
               +--------+--------+--------+--------+--------+-----+--------+

Top non-repeatable levels by time:
     D:1: 1134 daAuts
     D:2: 317 daAuts
